 Dungeon Crawl Stone Soup version 0.18.1-48-g4cf74bf (webtiles) character file.

5222 Iskender the Covert (level 10, 0/66 HPs)
             Began as an Octopode Wanderer on Aug 24, 2016.
             Was an Initiate of Gozag.
             Killed from afar by an orc wizard (12 damage)
             ... with a puff of frost
             ... on level 9 of the Dungeon.
             The game lasted 01:17:52 (10966 turns).

Iskender the Covert (Octopode Wanderer)            Turns: 10966, Time: 01:17:53

Health: 0/66       AC:  1    Str: 12    XL:     10   Next: 61%
Magic:  19/19      EV: 18    Int: 13    God:    Gozag
Gold:   754        SH:  0    Dex: 16    Spells: 0 memorised, 9 levels left

rFire  . . .     SeeInvis .     a - +2 falchion (freeze)
rCold  . . .     Gourm    .     (no shield)
rNeg   . . .     Faith    .     (helmet restricted)
rPois  .         Spirit   .     (no amulet)
rElec  .         Dismiss  .     l - ring of flight
rCorr  .         Reflect  .     v - ring of magical power
SustAt .         Harm     .     J - ring of protection from magic
MR     +....                    (no ring)
Stlth  +++++++...               (no ring)
                                (no ring)
                                (no ring)
                                (no ring)

@: gold aura, somewhat resistant to hostile enchantments, extremely stealthy
A: almost no armour, amphibious, 8 rings, constrict 8, camouflage 1, gelatinous
body 1
a: Potion Petition, Call Merchant, Bribe Branch, Renounce Religion, Evoke Flight


You were on level 9 of the Dungeon.
You worshipped Gozag.
Gozag was noncommittal.
You were not hungry.

You visited 3 branches of the dungeon, and saw 11 of its levels.

You collected 1267 gold pieces.
You paid 513 gold pieces to Gozag.

Inventory:

Hand Weapons
 a - a +2 falchion of freezing (weapon)
 b - a +5 hand crossbow
 H - a +2 flail of crushing
Missiles
 e - 6 needles of confusion
 h - 53 bolts
 i - 115 stones (quivered)
 A - 5 needles of paralysis
 B - 21 poisoned needles
 K - 3 curare-tipped needles
 Z - a throwing net
Jewellery
 l - a ring of flight (left tentacle)
 v - a ring of magical power (right tentacle)
 J - a ring of protection from magic (on tentacle)
 X - an uncursed ring of ice
Wands
 r - a wand of teleportation (4/9)
 u - a wand of polymorph (0/24)
 y - a wand of paralysis (4/24)
 N - a wand of flame (4/48)
 V - a wand of acid (4/15)
Scrolls
 k - a scroll of enchant armour
 p - a scroll of fog {unknown}
 t - a scroll of immolation
 D - 2 scrolls of blinking
 G - a scroll of magic mapping
 I - 2 scrolls of teleportation
 L - 2 scrolls of fear
 O - a scroll of amnesia {unknown}
 Q - a scroll of recharging {unknown}
 T - a scroll of remove curse
 W - a scroll of noise {unknown}
Potions
 c - 4 potions of lignification
 j - a potion of invisibility
 m - 2 potions of heal wounds {unknown}
 n - 2 potions of brilliance {unknown}
 s - a potion of cancellation
 z - 2 potions of flight {unknown}
 E - 2 potions of curing
 P - 2 potions of magic
 R - 2 potions of might
 S - a potion of agility
 Y - a potion of ambrosia {unknown}
Books
 f - a book of Enchantments

   Spells                             Type                      Level
   a - Cause Fear                     Hexes                        4
   b - Yara's Violent Unravelling     Hexes/Transmutation          5
   c - Silence                        Hexes/Air                    5
   d - Deflect Missiles               Charms/Air                   6
   e - Haste                          Charms                       6
   f - Discord                        Hexes                        8
 M - a book of Party Tricks

   Spells                             Type                      Level
   a - Summon Butterflies             Summoning                    1
   b - Apportation                    Translocation                1
   c - Tukima's Dance                 Hexes                        3
   d - Alistair's Intoxication        Transmutation/Poison         5
   e - Invisibility                   Hexes                        6
Miscellaneous
 U - a plain deck of wonders
Comestibles
 d - a bread ration
 g - 2 meat rations


   Skills:
 - Level 5.0 Fighting
   Level 1.0 Short Blades
 - Level 10.0 Crossbows
 + Level 8.7 Dodging
 - Level 11.2 Stealth
   Level 2.0 Shields


You had 9 spell levels left.
You didn't know any spells.

Dungeon Overview and Level Annotations

Branches:
Dungeon (9/15)             Temple (1/1) D:5             Orc (1/2) D:9
   Lair: D:8-11

Altars:
Ashenzari
Cheibriados
Dithmenos
Elyvilon
Fedhas
Gozag
Kikubaaqudgha
Makhleb
Nemelex Xobeh
Okawaru
Pakellas
Qazlal
Ru
Sif Muna
Trog
Vehumet
Xom
Yredelemnul
Zin
The Shining One

Shops:
D:8 %

Annotations:
D:4 Gargoyl's ghost, amateur DsAK
D:9 Erolcha; Joseph


Innate Abilities, Weirdness & Mutations

You cannot wear most types of armour.
You are amphibious.
You can wear up to eight rings at the same time.
You can use your tentacles to constrict eight enemies at once.
Your skin changes colour to match your surroundings (Stealth).
Your rubbery body absorbs attacks (AC +1).


Message History

Your will is overpowered!
You are confused.
The orc wizard hits you with a dagger.
* * * LOW HITPOINT WARNING * * *
You completely miss the orc wizard.
The orc wizard is lightly wounded.
You constrict the orc wizard.
The orc wizard zaps a wand.
You resist with almost no effort. The orc wizard hits you with a dagger.
* * * LOW HITPOINT WARNING * * *
You're too confused to move!
You constrict the orc wizard.
The orc wizard points at you and mumbles some strange words.
The puff of flame hits you!
* * * LOW HITPOINT WARNING * * *
The orc wizard barely misses you.
Drink which item? (? for menu, Esc to quit)
You feel better.
You constrict the orc wizard.
The orc wizard points at you and mumbles some strange words.
The puff of frost hits you!
You die...
Your body crumbles into a pile of gold.

#.%............#
#..............#
#.......%......#
#..............#
#..............#
#..............#
#..............#
#..............#######
.....[((.......o@....#
#####.#####.##########
#.# #.# #.# #.# #.#
#.# #.# #.# #.# #.#
#.# #.# #.# #.#


You could see an orc wizard.

Vanquished Creatures
  Psyche (D:8)
  Prince Ribbit (D:9)
  3 yaks (D:9)
  3 hippogriffs
  A hungry ghost (D:9)
  2 water moccasins
  2 ice beasts (D:6)
  2 sky beasts
  An orc warrior (D:8)
  A black bear (D:8)
  A necrophage (D:8)
  2 phantoms
  4 ogres
  2 centaurs
  A big kobold (D:9)
  4 giant frogs
  5 scorpions
  3 killer bees (D:9)
  2 howler monkeys
  4 crimson imps
  2 giant frog skeletons (D:5)
  5 orc priests
  Crazy Yiuf (D:6)
  4 hounds
  3 jellies
  8 orc wizards
  3 iguanas
  Natasha (thrice) (D:2)
  7 worker ants
  2 hound skeletons (D:6)
  A howler monkey zombie (D:7)
  A worker ant zombie (D:6)
  12 adders
  A shadow imp (D:9)
  An ooze (D:5)
  2 adder skeletons
  An adder zombie (D:5)
  4 worms
  2 dart slugs
  5 giant geckos
  45 orcs
  3 ball pythons
  7 bats
  4 giant cockroaches
  6 goblins
  8 hobgoblins
  6 jackals
  8 kobolds
  4 quokkas
  A ball python skeleton (D:4)
  5 giant newts
  A quokka zombie (D:5)
  6 rats
217 creatures vanquished.

Notes
Turn   | Place    | Note
--------------------------------------------------------------
     0 | D:1      | Iskender the Octopode Wanderer began the quest for the Orb.
     0 | D:1      | Iskender set off with: a +2 hand crossbow, 35 bolts, 2 potions of lignification, a bread ration
     0 | D:1      | Reached XP level 1. HP: 18/18 MP: 1/1
    39 | D:1      | Reached skill level 1 in Stealth
   106 | D:1      | Reached skill level 2 in Stealth
   123 | D:1      | Reached XP level 2. HP: 16/24 MP: 2/2
   319 | D:1      | Reached skill level 3 in Stealth
   360 | D:1      | Reached XP level 3. HP: 16/29 MP: 3/3
  1184 | D:2      | Reached XP level 4. HP: 34/35 MP: 4/4
  1266 | D:2      | Noticed Natasha
  1275 | D:2      | Killed Natasha
  1594 | D:3      | Reached XP level 5. HP: 4/39 MP: 5/5
  2096 | D:2      | Reached skill level 4 in Stealth
  2177 | D:2      | Noticed Natasha
  2185 | D:2      | Killed Natasha
  2331 | D:2      | Noticed Natasha
  2371 | D:2      | Killed Natasha
  2371 | D:2      | Reached skill level 5 in Stealth
  2607 | D:3      | Reached XP level 6. HP: 41/45 MP: 6/6
  2640 | D:3      | Found a burning altar of Makhleb.
  2792 | D:3      | Found a bloodstained altar of Trog.
  2808 | D:3      | Found a glowing golden altar of the Shining One.
  2825 | D:3      | Reached skill level 5 in Crossbows
  3547 | D:3      | Reached XP level 7. HP: 24/50 MP: 7/7
  3949 | D:4      | Noticed Gargoyl's ghost (amateur DsAK)
  4405 | D:3      | Reached skill level 6 in Stealth
  4535 | D:5      | Entered Level 5 of the Dungeon
  4647 | D:5      | Found a deep blue altar of Sif Muna.
  4783 | D:5      | Reached skill level 7 in Stealth
  5015 | D:5      | Found a sacrificial altar of Ru.
  5015 | D:5      | Found a stormy altar of Qazlal.
  5015 | D:5      | Found a shimmering altar of Xom.
  5198 | D:5      | Reached skill level 1 in Dodging
  5632 | D:5      | Found a staircase to the Ecumenical Temple.
  5648 | Temple   | Entered the Ecumenical Temple
  5848 | D:6      | Reached XP level 8. HP: 47/55 MP: 8/8
  5898 | D:6      | Found a sparkling altar of Nemelex Xobeh.
  6208 | Temple   | Became a worshipper of Gozag Ym Sagoz the Greedy
  6570 | D:6      | Noticed Crazy Yiuf
  6577 | D:6      | Killed Crazy Yiuf
  7304 | D:6      | Reached XP level 9. HP: 29/61 MP: 9/9
  8035 | D:7      | Reached skill level 10 in Crossbows
  8424 | D:7      | Reached skill level 8 in Stealth
  8773 | D:7      | Reached skill level 9 in Stealth
  8905 | D:7      | Reached skill level 5 in Dodging
  8961 | D:8      | Noticed Psyche
  8971 | D:8      | Killed Psyche
  8971 | D:8      | Reached skill level 10 in Stealth
  9081 | D:8      | Reached XP level 10. HP: 44/66 MP: 10/10
  9184 | D:8      | Reached skill level 11 in Stealth
 10068 | D:9      | Noticed Erolcha
 10116 | D:9      | Found a staircase to the Orcish Mines.
 10119 | Orc:1    | Entered Level 1 of the Orcish Mines
 10133 | D:9      | Found an iron altar of Okawaru.
 10154 | D:9      | Noticed Prince Ribbit
 10163 | D:9      | Killed Prince Ribbit
 10282 | D:9      | Noticed Joseph
 10966 | D:9      | Killed from afar by an orc wizard

Skill      XL: |  1  2  3  4  5  6  7  8  9 10 |
---------------+-------------------------------+-----
Stealth        | 2 3 5 7 10 11 | 11.2
Crossbows      | 3 4 6 9 10 | 10.0
Dodging        | 3 4 5 8 |  8.7
Fighting       | |  5.0
Short Blades   | |  1.0
Shields        | |  2.0

Action                   |  1- 3 |  4- 6 |  7- 9 | 10-12 || total
-------------------------+-------+-------+-------+-------++-------
Melee: Unarmed           |    25 |     4 |       |       ||    29
       Constrict         |    26 |    29 |    48 |    32 ||   135
       Tentacles         |    15 |    23 |    51 |    24 ||   113
       Whip              |    57 |   101 |   203 |    54 ||   415
       Falchion          |       |       |       |    58 ||    58
 Fire: Hand crossbow     |       |    29 |   141 |    82 ||   252
Throw: Stone             |     2 |    35 |    19 |    11 ||    67
       Throwing net      |       |       |       |     1 ||     1
Invok: Call Merchant     |       |       |       |     1 ||     1
Evoke: Wand              |       |       |     9 |     8 ||    17
  Use: Potion            |     1 |     2 |     2 |     1 ||     6
       Scroll            |     1 |     6 |     8 |     3 ||    18
 Stab: Sleeping          |    12 |     5 |    14 |     1 ||    32
       Confused          |       |     1 |       |       ||     1
       Invisible         |       |       |     3 |       ||     3
       Paralysed         |       |       |       |     7 ||     7
  Eat: Chunk             |     1 |     7 |     8 |       ||    16
       Beef jerky        |       |       |     6 |       ||     6
       Fruit             |       |       |     2 |       ||     2
       Pizza             |       |       |     1 |       ||     1
       Bread ration      |       |       |       |     2 ||     2
       Meat ration       |       |       |       |     1 ||     1
Armor: Skin              |     8 |     5 |     9 |     8 ||    30
Dodge: Dodged            |    42 |    39 |   120 |   101 ||   302
